 Dungeon Crawl Stone Soup version 0.31-a0-702-gf82c85558f (webtiles) character file.

Game seed: 10129130856876162065

49 qw the Shooter (level 3, -2/23 HPs)
             Began as a Gargoyle Hunter on Sept 8, 2023.
             Slain by a gnoll
             ... wielding a +0 spear
              (3 damage)
             ... on level 2 of the Dungeon.
             The game lasted 00:00:16 (585 turns).

qw the Shooter (Gargoyle Hunter)                     Turns: 585, Time: 00:00:17

Health: -2/23      AC:  7    Str: 14    XL:     3   Next: 77%
Magic:  3/3        EV: 11    Int:  9    God:
Gold:   19         SH:  0    Dex: 15    Spells: 2/2 levels left

rFire   . . .        Y - +0 shortbow
rCold   . . .        (shield currently unavailable)
rNeg    + . .        c - +0 leather armour
rPois   inf          (no helmet)
rElec   +            f - scarf {repulsion}
rCorr   .            d - +0 pair of gloves
SInv    .            (no boots)
Will    .....        (no amulet)
Stlth   ++           (no ring)
HPRegen 0.23/turn    (no ring)
MPRegen 0.08/turn

%: repel missiles
@: no status effects
A: sickness immunity, AC +3, negative energy resistance 1, electricity
resistance, torment resistance 1, petrification resistance
a: no special abilities


You were on level 2 of the Dungeon.
You visited 1 branch of the dungeon, and saw 2 of its levels.

You collected 19 gold pieces.


Innate Abilities, Weirdness & Mutations

You are immune to sickness and miasma.
Your stone body is resilient. (AC +3)
You are immune to poison.
You resist negative energy. (rN+)
You are resistant to electric shocks. (rElec)
You are resistant to unholy torment.
You are immune to petrification.


   Skills:
 - Level 3.0 Fighting
 + Level 5.0 Ranged Weapons
 - Level 1.5 Dodging
 - Level 1.1 Stealth


You had 2 spell levels left.
You didn't know any spells.
Your spell library was empty.

Inventory:

Hand Weapons
 Y - a +0 shortbow (weapon)
Armour
 c - a +0 leather armour (worn)
 d - a +0 pair of gloves (worn)
 f - a scarf of repulsion (worn)
 i - a +0 cloak
Potions
 h - a potion of magic {unknown}

Dungeon Overview and Level Annotations

Branches:
Dungeon (2/15)

Altars:


Message History

The arrow barely misses the gnoll.
The rat bites you but does no damage. The rat barely misses you.
The gnoll hits you but does no damage. The gnoll misses you.
You shoot an arrow.
The arrow hits the gnoll but does no damage.
The rat bites you but does no damage. x2
The gnoll hits you from afar with a +0 spear.
You shoot an arrow. The arrow hits the gnoll.
The gnoll is moderately wounded.
The rat bites you. The rat bites you but does no damage.
The gnoll hits you from afar with a +0 spear.
The gnoll hits you with a +0 whip.
You shoot an arrow. The arrow barely misses the gnoll.
The rat barely misses you. The rat completely misses you. The gnoll misses you.
The gnoll barely misses you. The gnoll hits you with a +0 whip.
The gnoll barely misses you. The rat bites you. The rat barely misses you.
You shoot an arrow. The arrow hits the gnoll!
The gnoll is almost dead.
The rat bites you. The rat misses you.
The gnoll hits you from afar with a +0 spear.
The gnoll closely misses you.
You shoot an arrow. The arrow hits the gnoll.
You kill the gnoll!
The rat closely misses you.
The gnoll hits you from afar with a +0 spear.
The rat misses you.
Your Fighting skill increases to level 3!
You shoot an arrow. The arrow closely misses the rat.
The rat closely misses you. The rat bites you but does no damage.
The gnoll hits you from afar with a +0 spear.
A jackal comes into view.
You shoot an arrow. The arrow barely misses the rat.
The jackal barks!
The rat closely misses you. The gnoll barely misses you.
The rat barely misses you.
You shoot an arrow. The arrow hits the rat.
You kill the rat!
The rat bites you.
The gnoll hits you from afar with a +0 spear.
You die...

..... .... ...#
# ... .#
..####.## # #.
#.#.....#..
..#..#..........
.......<........
.).h...r@)......
.#.##...........
#...g.......
##..........
##.........
#..)...#$.
#....... .
...#.....


You could see a gnoll, a jackal and a rat.

Vanquished Creatures
  2 gnolls (D:2)
  A dart slug (D:1)
  4 bats
  3 endoplasms (D:1)
  A giant cockroach (D:1)
  2 goblins (D:1)
  A hobgoblin (D:1)
  4 jackals (D:1)
  2 quokkas (D:1)
  A ball python (D:1)
  2 frilled lizards (D:1)
  A kobold (D:1)
  2 rats
26 creatures vanquished.

Notes
Turn   | Place    | Note
-------+----------+-------------------------------------------
     0 | D:1      | qw the Gargoyle Hunter began the quest for the Orb.
     0 | D:1      | Reached XP level 1. HP: 12/12 MP: 1/1
     0 | D:1      | 0 ||| qw: Version: 0.3-a-76-g4403597
     0 | D:1      | 0 ||| qw: Game counter: 982
     0 | D:1      | 0 ||| qw: Melee chars always use a shield: true
     0 | D:1      | 0 ||| qw: God list: Okawaru
     0 | D:1      | 0 ||| qw: Allow faded altars: false
     0 | D:1      | 0 ||| qw: Do Orc after clearing Dungeon:15 true
     0 | D:1      | 0 ||| qw: Do second Lair branch before Depths: true
     0 | D:1      | 0 ||| qw: Lair rune preference: random
     0 | D:1      | 0 ||| qw: Goals: Normal
     0 | D:1      | 0 ||| PLANNING D:1-11
    85 | D:1      | Found a faded altar of an unknown god.
   183 | D:1      | Reached XP level 2. HP: 17/17 MP: 2/2
   502 | D:1      | Reached XP level 3. HP: 18/21 MP: 3/3
   506 | D:1      | Reached skill level 5 in Ranged Weapons
   535 | D:1      | 535 ||| UPGRADING to +0 pair of gloves.
   540 | D:1      | 540 ||| UPGRADING to scarf of repulsion.
   545 | D:1      | 545 ||| READING scroll labelled PEIMALIREE.
   546 | D:1      | 546 ||| READING scroll labelled ACONOE GYPUNOD.
   547 | D:1      | 547 ||| DROPPING scroll of butterflies.
   582 | D:2      | HP: 3/22 [gnoll/+0 spear (3)]
   583 | D:2      | Reached skill level 3 in Fighting
   585 | D:2      | HP: 1/23 [rat (1)]
   585 | D:2      | Slain by a gnoll

Levels and vault maps discovered:
D:1:      lemuel_arrival_behind_the_door_large, layout_basic,
          shapermc_ecumenical_altar_pompeii
D:2:      layout_rooms, serial_shops, nicolae_shop_tiny_waterfront,
          uniq_natasha, uniq_robin

Skill      XL: |  1  2  3 |
---------------+----------+-----
Ranged Weapons | 5 |  5.0
Fighting       | 3 |  3.0
Dodging        | |  1.5
Stealth        | |  1.1

Action                     || total
---------------------------++-------
   Fire: Shortbow          ||    75
    Use: Scroll            ||     2
 Armour: Leather armour    ||    37
  Dodge: Dodged            ||    47

Table legend:
 A = Non-vault XP
 B = Vault XP
 C = Vault XP percentage of total XP
 D = Non-vault monster count
 E = Vault monster count
 F = Vault count percentage of total count
                 A         B        C        D         E       F
            +---------+---------+-------+---------+---------+-------
      Total |      72 |       0 |   0.0 |      26 |       0 |   0.0
            +---------+---------+-------+---------+---------+-------
        D:1 |      41 |       0 |   0.0 |      22 |       0 |   0.0
        D:2 |      31 |       0 |   0.0 |       4 |       0 |   0.0
            +---------+---------+-------+---------+---------+-------
